 Dungeon Crawl Stone Soup version 0.28.0 (webtiles) character file.

Game seed: 12788996364550480505

10152 AmazingTV the Fighter (level 11, 0/97 HPs)
             Began as a Minotaur Fighter on July 18, 2022.
             Was a Believer of the Shining One.
             Killed from afar by an electric eel (4 damage)
             ... with a bolt of electricity
             ... on level 2 of the Lair of Beasts.
             The game lasted 00:35:02 (11886 turns).

AmazingTV the Fighter (Minotaur Fighter)           Turns: 11886, Time: 00:35:02

Health: 0/97       AC: 17    Str: 37    XL:     11   Next: 32%
Magic:  0/13       EV:  9    Int:  5    God:    the Shining One [**....]
Gold:   740        SH:  0    Dex: 10    Spells: 10/10 levels left

rFire   . . .      SeeInvis .   a - +0 battleaxe {axe}
rCold   . . .      Faith    .   (shield currently unavailable)
rNeg    + . .      Spirit   +   m - +2 chain mail {Will+}
rPois   .          Reflect  .   (helmet restricted)
rElec   .          Harm     .   i - +0 cloak
rCorr   .          Rampage  .   f - +1 pair of gloves
Will    +....                   (no boots)
Stlth   ..........              z - amulet of guardian spirit
HPRegen 0.26/turn               J - +6 ring of strength
MPRegen 0.13/turn               N - +6 ring of strength

@: lethally poisoned (0 -> -3), glowing
A: horns 2, retaliatory headbutt
a: Renounce Religion, Divine Shield


You were on level 2 of the Lair of Beasts.
You worshipped the Shining One.
The Shining One was pleased with you.
You visited 3 branches of the dungeon, and saw 12 of its levels.

You collected 740 gold pieces.


Innate Abilities, Weirdness & Mutations

You have a pair of horns on your head.
You reflexively headbutt those who attack you in melee.


   Skills:
 + Level 9.2 Fighting
 + Level 7.4(9.5) Axes
 + Level 8.6(10.2) Maces & Flails
 - Level 2.4(5.8) Polearms
 - Level 3.3(6.7) Staves
 + Level 7.5 Slings
 + Level 9.2 Armour
 + Level 9.1 Shields
 + Level 4.8 Invocations


You had 10 spell levels left.
You didn't know any spells.
Your spell library contained the following spells:

 Spells                   Type           Power      Damage    Failure   Level
 Sandblast                Erth           0%         2d4       86%         1
 Sting                    Tmut/Pois      0%         1d3       86%         1
 Ensorcelled Hibernation  Hex/Ice        0%         N/A       95%         2
 Passwall                 Tmut/Erth      0%         N/A       95%         2
 Poisonous Vapours        Pois/Air       0%         N/A       95%         2
 Ignite Poison            Fire/Tmut/Pois 0%         N/A       99%         3
 Mephitic Cloud           Conj/Pois/Air  0%         N/A       99%         3
 Spider Form              Tmut/Pois      0%         N/A       99%         3
 Stone Arrow              Conj/Erth      0%         3d7       99%         3
 Anguish                  Hex/Necr       0%         N/A       100%        4
 Olgreb's Toxic Radiance  Pois           0%         N/A       100%        4
 Freezing Cloud           Conj/Ice/Air   0%         6-21      100%        5
 Summon Forest            Summ/Tloc      0%         N/A       100%        5
 Summon Mana Viper        Hex/Summ       0%         N/A       100%        5
 Summon Cactus Giant      Summ           0%         N/A       100%        6

Inventory:

Hand Weapons
 a - a +0 battleaxe (weapon) {axe}
   (You found it on level 1 of the Dungeon)
 b - a +0 hunting sling of freezing {sling}
   (You took it off a goblin on level 2 of the Dungeon)
 E - a +5 war axe {axe}
   (You took it off a wight on level 9 of the Dungeon)
 G - a +1 whip of freezing {mace}
   (You took it off Pikel on level 4 of the Dungeon)
 H - a +4 vorpal hand axe {axe}
   (You took it off an orc on level 4 of the Dungeon)
 O - a +1 halberd of venom {polearm}
   (You took it off a gnoll on level 6 of the Dungeon)
Missiles
 e - 186 bolts
 j - 310 stones (quivered)
 l - 32 sling bullets
 r - 124 arrows
 w - 13 poisoned darts
 R - 5 atropa-tipped darts
Armour
 c - a +0 buckler
 f - a +1 pair of gloves (worn)
   (You found it on level 1 of the Dungeon)
 i - a +0 cloak (worn)
   (You found it on level 1 of the Dungeon)
 m - a +2 chain mail of willpower (worn)
   (You found it on level 8 of the Dungeon)
 t - a +0 tower shield
   (You found it on level 2 of the Dungeon)
Jewellery
 h - a ring of magical power
   (You found it on level 8 of the Dungeon)
 k - a ring of fire
   (You found it on level 1 of the Dungeon)
 z - an amulet of guardian spirit (around neck)
   (You found it on level 3 of the Dungeon)
 J - a +6 ring of strength (left hand)
   (You found it on level 5 of the Dungeon)
 N - a +6 ring of strength (right hand)
   (You found it on level 6 of the Dungeon)
 Y - a ring of protection from cold
   (You found it on level 8 of the Dungeon)
Wands
 n - a wand of acid (2)
   (You found it on level 1 of the Lair of Beasts)
 o - a wand of charming (5)
   (You found it on level 9 of the Dungeon)
 L - a wand of flame (32)
   (You found it on level 6 of the Dungeon)
 P - a wand of digging (5)
   (You found it on level 6 of the Dungeon)
 T - a wand of mindburst (12)
   (You found it on level 7 of the Dungeon)
 X - a wand of paralysis (7)
   (You took it off an orc on level 8 of the Dungeon)
Scrolls
 p - a scroll of enchant weapon {unknown}
 u - 2 scrolls of fog {unknown}
 v - 4 scrolls of summoning
 x - a scroll of fear {unknown}
 A - a scroll of magic mapping {unknown}
 B - 6 scrolls of enchant armour
 D - 4 scrolls of teleportation {@r4}
 F - a scroll of silence {unknown}
 Q - a scroll of amnesia {unknown}
 V - a scroll of acquirement {unknown}
 Z - 3 scrolls of holy word {unknown}
Potions
 d - 3 potions of might
 g - a potion of magic {unknown}
 q - 4 potions of curing {@q1}
 I - 2 potions of lignification {unknown}
 K - a potion of berserk rage {!q}
 S - a potion of brilliance {unknown}
 U - 2 potions of mutation {!q}
Miscellaneous
 M - a lightning rod (4/4)
   (You found it on level 1 of the Lair of Beasts)

Dungeon Overview and Level Annotations

Branches:
Dungeon (9/15)             Temple (1/1) D:5            Lair (2/6) D:8
    Orc (0/2) D:9
  Swamp: Lair:2-4    Shoals: Lair:2-4     Snake: Lair:2-4    Spider: Lair:2-4

Altars:
Ashenzari
Cheibriados
Dithmenos
Elyvilon
Fedhas
Gozag
Hepliaklqana
Kikubaaqudgha
Makhleb
Nemelex Xobeh
Okawaru
Qazlal
Ru
Sif Muna
Trog
Uskayaw
Vehumet
Wu Jian
Xom
Yredelemnul
Zin
The Shining One

Shops:
D:6

( ......#...###.##
###.............
#P#.#<#.......
#####..####.#
.#.#####.## .
.........#
#######.##
#####...######
........@S...######.
##.###.##...........
# ##....#..##.#..
#.........#
P..P..(...##
P≈≈.≈≈S≈≈..#
≈≈.≈≈≈≈≈.♣.#
≈≈.≈≈≈≈≈≈≈♣#
(≈≈≈≈≈≈♣


You could see a black mamba and an electric eel.


Message History

The four-headed hydra seems to slow down.
The stone freezes the four-headed hydra.
You kill the four-headed hydra!
You start resting. 😕 HP[+6] MP[+3]
You regained 6 hp, and now have 87/97 hp.
Your mp is fully restored (13).
j - 307 stones (gained 1)
j - 309 stones (gained 2)
j - 310 stones (gained 1)
j - 312 stones (gained 2)
There is a stone staircase leading up here.
j - 313 stones (gained 1)
You now have 724 gold pieces (gained 23).
j - 314 stones (gained 1)
j - 315 stones (gained 1)
You now have 740 gold pieces (gained 16).
An electric eel comes into view. 😎 HP[+10]
Your hp is fully restored (97).
Your line of fire to the electric eel is blocked by a plant.
Continue anyway?
You shoot a stone. The stone hits the plant!
The plant begins to die.
The stone freezes the plant.
The electric eel shoots out a bolt of lightning at you!
The bolt of electricity hits the plant.
The bolt of electricity hits you! 😕 HP[-8] MP[-1]
You take 8 damage, and now have 89/97 hp.
You lost 1 mp, and now have 12/13 mp.
A black mamba comes into view.
The black mamba hisses angrily.
The electric eel shoots out a bolt of lightning at you!
The bolt of electricity hits you but does no damage.
You shoot a stone.
The stone closely misses the black mamba.
A nearby plant withers and dies.
You shoot a stone. The stone hits the black mamba!
The black mamba seems to slow down.
The stone freezes the black mamba.
The electric eel shoots out a bolt of lightning at you!
The bolt of electricity hits you! 😕 HP[-8] MP[-1]
You take 8 damage, and now have 81/97 hp.
You lost 1 mp, and now have 11/13 mp.
You shoot a stone.
The stone barely misses the black mamba.
You shoot a stone.
The stone hits the black mamba but does no damage.
The electric eel shoots out a bolt of lightning at you!
The bolt of electricity hits you! 😕 HP[-7] MP[-1]
You take 7 damage, and now have 74/97 hp.
You lost 1 mp, and now have 10/13 mp.
Your +0 hunting sling of freezing {sling} stops glowing.
a - a +0 battleaxe (weapon)
{axe} You barely miss the black mamba.
Your headbutt misses the black mamba. The black mamba closely misses you.
The black mamba bites you.
You are poisoned.
The black mamba poisons you! 😮 HP[-3]
You take 3 damage, and now have 71/97 hp.
You barely miss the black mamba.
You feel extremely sick.
The black mamba bites you! 😮 HP[-19] MP[-1]
You take 19 damage, and now have 52/97 hp.
You lost 1 mp, and now have 9/13 mp.
You barely miss the black mamba.
You feel very sick.
The black mamba is no longer moving slowly.
The black mamba bites you!
* * * LOW HITPOINT WARNING * * *
The black mamba bites you but does no damage. 😨 HP[-14] MP[-2]
You take 14 damage, and now have 38/97 hp.
You lost 2 mp, and now have 7/13 mp.
You barely miss the black mamba.
You feel very sick.
The black mamba bites you but does no damage. x2 😨 HP[-4]
You take 4 damage, and now have 34/97 hp.
You hit the black mamba. Your headbutt misses the black mamba.
You feel very sick. The black mamba closely misses you.
The black mamba bites you!
* * * LOW HITPOINT WARNING * * *
😱 HP[-14] MP[-2]
You take 14 damage, and now have 20/97 hp.
You lost 2 mp, and now have 5/13 mp.
You feel sick.
The black mamba bites you but does no damage. 😱 HP[-1]
You take 1 damage, and now have 19/97 hp.
You feel sick. The black mamba closely misses you. The black mamba bites you.
* * * LOW HITPOINT WARNING * * *
😱 HP[-3]
You take 3 damage, and now have 16/97 hp.
You feel sick.
The electric eel shoots out a bolt of lightning at you!
The bolt of electricity hits you!
* * * LOW HITPOINT WARNING * * *
The bolt of electricity hits you.
You die...

Skill      XL: |  1  2  3  4  5  6  7  8  9 10 11 |
---------------+----------------------------------+-----
Slings         | 1 2 3 4 6 7 |  7.5
Fighting       | 4 5 6 7 8 9 |  9.2
Shields        | 4 5 6 7 8 9 |  9.1
Armour         | 4 5 6 7 8 9 |  9.2
Maces & Flails | 3 4 5 6 7 8 |  8.6
Staves         | 1 2 3 |  3.3
Axes           | 1 2 4 5 7 |  7.4
Polearms       | 2 |  2.4
Invocations    | 2 4 |  4.8

Action                   |  1- 3 |  4- 6 |  7- 9 | 10-12 || total
-------------------------+-------+-------+-------+-------++-------
Melee: Battleaxe         |    71 |    33 |    94 |   153 ||   351
       Headbutt          |     6 |    10 |    15 |    34 ||    65
       Whip              |       |       |       |     5 ||     5
 Fire: Hunting sling     |    19 |    54 |   209 |    36 ||   318
Throw: Stone             |     2 |       |     2 |       ||     4
Invok: Divine Shield     |       |       |       |     1 ||     1
  Use: Scroll            |       |       |     6 |     4 ||    10
       Potion            |       |       |     1 |     3 ||     4
Armor: Scale mail        |    51 |    12 |    73 |    13 ||   149
       Chain mail        |       |       |       |    92 ||    92
Dodge: Dodged            |    54 |    26 |    91 |    87 ||   258
Block: Other             |       |       |       |    11 ||    11

Levels and vault maps discovered:
D:1:      dpeg_arrival_brainrot, layout_loops_ring, amcnicky_mini_pool_small,
          minmay_heptomino_w4
D:2:      layout_basic, kennysheep_generic_room_7, uniq_terence
D:3:      cheibrodos_greedy_goblins, layout_basic,
          yredelemnul_forgotten_temple_becter, uniq_sigmund
D:4:      layout_cave_pods, hellmonk_ghost_happy_afterlife, uniq_blork_the_orc,
          uniq_pikel, uniq_eustachio
D:5:      layout_gridville, general_overflow_altar,
          minmay_temple_entry_gardened_gates, minmay_misc_feat_hallway
D:6:      layout_basic, ashenzari_conservatory_becter, serial_shops,
          nicolae_shop_stone, minivault_11
D:7:      layout_basic, grunt_temple_overflow_cloverleaf, worms_lemuel
D:8:      layout_basic, nicolae_vehumet_radiance,
          nicolae_ru_great_annihilating_truth, lair_entry_dummy,
          minmay_misc_feat_columns
D:9:      layout_roguey, kennysheep_mini, david_orc_4
Temple:   nicolae_temple_hex_pool
Lair:1:   layout_regular_city, basic_altar, small_statue_intersection,
          serial_bayou_pond_c, serial_bayou_shore_b, serial_bayou_shore_b
Lair:2:   layout_loops_ring, minmay_swamp_entry_worms, serial_bayou_pond_b,
          bobbens_dragon_lair_wall

Notes
Turn   | Place    | Note
-------+----------+-------------------------------------------
     0 | D:1      | AmazingTV the Minotaur Fighter began the quest for the Orb.
     0 | D:1      | Reached XP level 1. HP: 19/19 MP: 0/0
     0 | D:1      | magus.rc [v1.9.6]
   323 | D:1      | Reached XP level 2. HP: 27/27 MP: 1/1
   382 | D:1      | Reached skill level 1 in Slings
   476 | D:1      | Reached skill level 4 in Fighting
   480 | D:1      | Reached skill level 4 in Shields
   480 | D:1      | Reached XP level 3. HP: 33/33 MP: 2/2
   490 | D:1      | Reached skill level 4 in Armour
   495 | D:1      | Reached skill level 3 in Maces & Flails
  1170 | D:2      | You pick up a book of the Wilderness and begin reading...
  1170 | D:2      | You add the spells Summon Forest, Summon Mana Viper and
                  | Summon Cactus Giant to your library.
  1187 | D:2      | Noticed a phantom
  1197 | D:2      | Killed a phantom
  1198 | D:2      | Reached skill level 2 in Slings
  1198 | D:2      | Reached XP level 4. HP: 22/41 MP: 3/3
  1382 | D:2      | You add the spells Ignite Poison, Mephitic Cloud and
                  | Freezing Cloud to your library.
  1573 | D:2      | Reached XP level 5. HP: 47/47 MP: 4/4
  1573 | D:2      | Noticed Terence
  1582 | D:2      | Killed Terence
  2069 | D:3      | Noticed Sigmund
  2079 | D:3      | Killed Sigmund
  2080 | D:3      | Reached skill level 5 in Fighting
  2080 | D:3      | Reached skill level 4 in Maces & Flails
  2080 | D:3      | Reached skill level 5 in Armour
  2080 | D:3      | Reached skill level 5 in Shields
  2080 | D:3      | Reached XP level 6. HP: 52/56 MP: 5/5
  2480 | D:3      | Found a basalt altar of Yredelemnul.
  2660 | D:4      | Reached skill level 3 in Slings
  2914 | D:4      | Found a runed translucent door.
  2917 | D:4      | Noticed random595's ghost (novice DECj)
  2936 | D:4      | Reached skill level 1 in Staves
  2940 | D:4      | Reached skill level 1 in Axes
  2942 | D:4      | Reached XP level 7. HP: 56/61 MP: 6/6
  2996 | D:4      | Noticed Pikel
  3010 | D:4      | Killed Pikel
  3011 | D:4      | Reached skill level 2 in Axes
  3011 | D:4      | Reached skill level 5 in Maces & Flails
  3011 | D:4      | Reached skill level 2 in Staves
  3011 | D:4      | Reached skill level 4 in Slings
  3028 | D:4      | Reached XP level 8. HP: 27/70 MP: 4/7
  3178 | D:4      | Reached skill level 6 in Armour
  3178 | D:4      | Reached skill level 6 in Shields
  3380 | D:4      | Reached skill level 6 in Fighting
  3422 | D:4      | Reached skill level 3 in Staves
  3429 | D:4      | Noticed Blork the orc
  3440 | D:4      | Killed Blork the orc
  3441 | D:4      | Reached skill level 3 in Axes
  3467 | D:4      | You pick up a book of Dreams and begin reading...
  3467 | D:4      | You add the spells Ensorcelled Hibernation, Spider Form and
                  | Anguish to your library.
  3713 | D:4      | Noticed Eustachio
  3727 | D:4      | Killed Eustachio
  4084 | D:4      | Killed random595's ghost
  4085 | D:4      | Reached skill level 1 in Polearms
  4309 | D:5      | Entered Level 5 of the Dungeon
  4626 | D:5      | Found a staircase to the Ecumenical Temple.
  4645 | Temple   | Entered the Ecumenical Temple
  4779 | Temple   | Became a worshipper of the Shining One
  4903 | D:5      | Reached skill level 6 in Maces & Flails
  4958 | D:5      | Found a bloodstained altar of Trog.
  5269 | D:6      | Reached skill level 4 in Axes
  5269 | D:6      | Reached skill level 2 in Polearms
  5269 | D:6      | Reached XP level 9. HP: 77/78 MP: 8/8
  5346 | D:6      | Reached skill level 5 in Slings
  5649 | D:6      | Reached skill level 7 in Armour
  5760 | D:6      | Found a broken altar of Ashenzari.
  5766 | D:6      | Found Vetuipre's Antique Weapon Emporium.
  6060 | D:6      | Reached skill level 7 in Fighting
  6060 | D:6      | Reached skill level 7 in Shields
  6060 | D:6      | Reached skill level 1 in Invocations
  6662 | D:7      | Reached * piety under the Shining One
  6691 | D:7      | You pick up a book of Geomancy and begin reading...
  6691 | D:7      | You add the spells Sandblast, Passwall and Stone Arrow to
                  | your library.
  6707 | D:7      | Found an ornate altar of the Wu Jian Council.
  6763 | D:7      | Found a stormy altar of Qazlal.
  6766 | D:7      | Found an iron altar of Okawaru.
  6773 | D:7      | Found a burning altar of Makhleb.
  6865 | D:7      | Reached skill level 5 in Axes
  6865 | D:7      | Reached skill level 2 in Invocations
  7104 | D:8      | HP: 15/73 [wight (11)]
  7125 | D:8      | HP: 12/73 [wight (3)]
  7128 | D:7      | HP: 5/71 [wight (7)]
  7128 | D:7      | HP: 2/69 [wight (3)]
  7595 | D:8      | Reached skill level 7 in Maces & Flails
  7595 | D:8      | Reached skill level 6 in Slings
  7733 | D:8      | Found a staircase to the Lair.
  7759 | D:8      | Reached XP level 10. HP: 82/88 MP: 8/10
  7923 | D:8      | Found a sacrificial altar of Ru.
  8273 | D:8      | You add the spells Sting, Poisonous Vapours and Olgreb's
                  | Toxic Radiance to your library.
  8342 | D:8      | Reached skill level 8 in Armour
  8342 | D:8      | Reached skill level 3 in Invocations
  8462 | D:8      | Found a radiant altar of Vehumet.
  8919 | D:9      | Reached skill level 8 in Fighting
  9231 | D:9      | Reached skill level 6 in Axes
  9231 | D:9      | Reached skill level 8 in Shields
  9389 | D:9      | Reached ** piety under the Shining One
  9492 | D:9      | HP: 20/88 [wraith (8)]
  9497 | D:9      | HP: 8/89 [orc warrior (12)]
  9505 | D:9      | HP: 3/89 [orc warrior (8)]
  9511 | D:9      | HP: 10/89 [orc warrior (1)]
  9907 | D:9      | Found a hazy altar of Hepliaklqana.
 10225 | D:9      | Found a staircase to the Orcish Mines.
 10367 | Lair:1   | Entered Level 1 of the Lair of Beasts
 10382 | Lair:1   | Reached skill level 8 in Maces & Flails
 10429 | Lair:1   | Reached skill level 4 in Invocations
 10433 | Lair:1   | Reached skill level 7 in Slings
 10500 | Lair:1   | Found an ancient bone altar of Kikubaaqudgha.
 10524 | Lair:1   | Reached skill level 7 in Axes
 10524 | Lair:1   | Reached XP level 11. HP: 68/95 MP: 10/13
 10693 | Lair:1   | Reached skill level 9 in Armour
 10695 | Lair:1   | Reached skill level 9 in Fighting
 11002 | Lair:1   | Noticed a six-headed hydra
 11011 | Lair:1   | Killed a six-headed hydra
 11012 | Lair:1   | Reached skill level 9 in Shields
 11769 | Lair:2   | Noticed a four-headed hydra
 11786 | Lair:2   | Killed a four-headed hydra
 11883 | Lair:2   | HP: 20/97 [black mamba (11)]
 11886 | Lair:2   | HP: 4/97 [electric eel/bolt of electricity (10)]
 11886 | Lair:2   | Killed from afar by an electric eel

Vanquished Creatures
  2 hydras
  Pikel (D:4)
  A komodo dragon (Lair:1)
  A troll (D:9)
  The ghost of random595 the Destroyer, a novice DECj (D:4)
  Sigmund (D:3)
  A wyvern (D:9)
  14 yaks (Lair:1)
  2 wraiths (D:9)
  A steam dragon (D:6)
  Eustachio (D:4)
  2 swamp worms (D:7)
  5 water moccasins
  A sky beast (D:8)
  An ice beast (D:6)
  6 orc warriors
  4 wolves (Lair:1)
  A lemure (D:4)
  4 ogres
  2 centaurs
  A phantom (D:2)
  A kobold brigand (D:8)
  Blork the orc (D:4)
  2 bullfrogs
  7 wights
  6 killer bees (D:8)
  A howler monkey (D:4)
  3 jellies
  2 bullfrog skeletons
  2 centaur skeletons (D:5)
  3 centaur zombies
  2 hounds (D:4)
  4 orc priests
  2 iguanas
  Terence (D:2)
  11 orc wizards
  A killer bee zombie (D:8)
  2 hound skeletons (D:4)
  A howler monkey zombie (D:9)
  4 gnolls (D:6)
  4 adders
  A shadow imp (D:7)
  2 ufetubi
  4 worms
  3 dart slugs
  38 orcs
  5 bats
  7 endoplasms
  4 giant cockroaches
  13 goblins
  14 hobgoblins
  8 jackals
  A quokka (D:2)
  6 ball pythons
  3 frilled lizards
  9 kobolds
  4 rats (D:1)
  A spectral orc (D:3)
236 creatures vanquished.

Vanquished Creatures (others)
  4 fungi
  9 plants
13 creatures vanquished.

Grand Total: 249 creatures vanquished

Table legend:
 A = Non-vault XP
 B = Vault XP
 C = Vault XP percentage of total XP
 D = Non-vault monster count
 E = Vault monster count
 F = Vault count percentage of total count
                 A         B        C        D         E       F
            +---------+---------+-------+---------+---------+-------
      Total |   12017 |    2486 |  17.1 |     190 |      45 |  19.1
            +---------+---------+-------+---------+---------+-------
        D:1 |      38 |      14 |  26.9 |      21 |       8 |  27.6
        D:2 |     147 |      38 |  20.5 |      14 |       2 |  12.5
        D:3 |      44 |     243 |  84.7 |      15 |      13 |  46.4
        D:4 |     594 |    1220 |  67.3 |      22 |       4 |  15.4
        D:5 |     358 |       0 |   0.0 |       9 |       0 |   0.0
        D:6 |     914 |       0 |   0.0 |      25 |       0 |   0.0
        D:7 |     863 |     327 |  27.5 |      13 |       2 |  13.3
        D:8 |    1648 |      41 |   2.4 |      32 |       4 |  11.1
        D:9 |    1470 |     603 |  29.1 |      14 |      12 |  46.2
     Lair:1 |    4945 |       0 |   0.0 |      23 |       0 |   0.0
     Lair:2 |     996 |       0 |   0.0 |       2 |       0 |   0.0
            +---------+---------+-------+---------+---------+-------

Illustrated notes

Table legend:
 A = Kills in this place as a percentage of kills in entire the game.
 B = Kills by you in this place as a percentage of kills by you in the entire game.
 C = Kills by friends in this place as a percentage of kills by friends in the entire game.
 D = Other kills in this place as a percentage of other kills in the entire game.
 E = Experience gained in this place as a percentage of experience gained in the entire game.
 F = Experience gained in this place divided by the number of levels of this place that you have seen.
                   A       B       C       D       E      F
               +-------+-------+-------+-------+-------+----------------------
         Total | 100.0 | 100.0 |   N/A |   N/A | 100.0 | 1208.6
       Dungeon |  89.4 |  89.4 |   N/A |   N/A |  59.0 | 951.3
          Lair |  10.6 |  10.6 |   N/A |   N/A |  41.0 | 2970.5
               +-------+-------+-------+-------+-------+----------------------

Table legend: (Time is in decaauts)
 A = Elapsed time spent in this place.
 B = Non-inter-level travel time spent in this place.
 C = Inter-level travel time spent in this place.
 D = Time resting spent in this place.
 E = Time spent auto-exploring this place.
 F = Levels seen in this place.
 G = Mean time per level.
                   A        B        C        D        E       F      G
               +--------+--------+--------+--------+--------+-----+--------+
         Total |  12021 |  11591 |    430 |   2541 |   7459 |  12 | 1001.8 |
       Dungeon |  10332 |  10005 |    327 |   1968 |   6630 |   9 | 1148.0 |
        Temple |    155 |     75 |     80 |      0 |     62 |   1 |  155.0 |
          Lair |   1533 |   1511 |     22 |    573 |    767 |   2 |  766.5 |
               +--------+--------+--------+--------+--------+-----+--------+

Top non-repeatable levels by time:
     D:4: 1670 daAuts
     D:8: 1501 daAuts
     D:9: 1488 daAuts
  Lair:1: 1315 daAuts
     D:6: 1198 daAuts
     D:7: 1106 daAuts
     D:2: 911 daAuts
     D:3: 901 daAuts
     D:1: 884 daAuts
     D:5: 669 daAuts
  Lair:2: 218 daAuts
  Temple: 155 daAuts
